 Dungeon Sprint DCSS version 0.31-a0-960-g0fca184906 (webtiles) character file.

Game seed: 5263506744798185640

13961 sircluck the Brawler (level 11, -1/132 HPs)
             Began as a Troll Berserker on Oct 23, 2023.
             Was the Champion of Trog.
             Slain by a sixfirhy (12 damage)
             ... in the Dungeon (Sprint VII: "The Pits").
             The game lasted 00:04:18 (1364 turns).

sircluck the Brawler (Troll Berserker)              Turns: 1364, Time: 00:04:19

Health: -1/132     AC:  6    Str: 31    XL:     11   Next: 82%
Magic:  10/10      EV: 18    Int:  3    God:    Trog [******]
Gold:   31         SH:  0    Dex: 12    Spells: 10/10 levels left

rFire   . .          .
                       - Unarmed
rCold   . . .        (no shield)
rNeg    . . .        a - +0 animal skin
rPois   .            g - +2 hat
rElec   .            (no cloak)
rCorr   .            (gloves unavailable)
SInv    .            (boots unavailable)
Will    .....        (no amulet)
Stlth   +            m - +3 ring of evasion
HPRegen 1.22/turn    k - +3 ring of dexterity
MPRegen 0.12/turn

%: no teleportation
@: no status effects
A: large, unfitting armour, claws 3, regeneration 1, shaggy fur 1, tough skin 1
a: Renounce Religion, Berserk, Trog's Hand, Brothers in Arms


You were in the Dungeon.
You worshipped Trog.
Trog was exalted by your worship.
You visited 1 branch You collected 31 gold pieces.

Inventory:

Armour
 a - a +0 animal skin (worn)
 g - a +2 hat (worn)
Jewellery
 k - a +3 ring of dexterity (right claw)
 m - a +3 ring of evasion (left claw)
 r - a ring of ice
 t - a ring of protection from fire
Wands
 n - a wand of acid (4)
 o - a wand of iceblast (18)
Scrolls
 i - 2 scrolls of vulnerability
 j - a scroll of butterflies
 q - 7 scrolls of enchant weapon
 s - 3 scrolls of enchant armour
 u - a scroll of immolation
 v - a scroll of fog
 w - 2 scrolls of identify
 x - a scroll of fear
Potions
 b - 8 potions of curing
 c - 9 potions of heal wounds
 d - 5 potions of haste
 e - 4 potions of magic
 f - 5 potions of berserk rage
 h - 2 potions of invisibility
 l - 2 potions of might
 p - a potion of resistance


   Skills:
 + Level 15.1 Fighting
 + Level 14.9 Dodging
 + Level 17.5 Unarmed Combat


You had 10 spell levels left.
You didn't know any spells.
Your spell library was empty.

Dungeon Overview and Level Annotations

Branches:
Dungeon (1/1)

Altars:
Ashenzari
Cheibriados
Dithmenos
Elyvilon
Fedhas
Gozag
Hepliaklqana
Kikubaaqudgha
Makhleb
Nemelex Xobeh
Okawaru
Qazlal
Ru
Sif Muna
Trog
Uskayaw
Vehumet
Wu Jian
Xom
Yredelemnul
Zin
The Shining One
Jiyva
Lugonu


Innate Abilities, Weirdness & Mutations

You are too large for most types of armour.
You have claws for hands.
Your natural rate of healing is unusually fast.
You are covered in fur. (AC +1)
You have tough skin. (AC +1)


Message History

The sixfirhy hits you but does no damage.
Okay, then.
You miss the sixfirhy.
The sixfirhy is severely wounded.
You barely miss the sixfirhy.
The sixfirhy is severely wounded.
You claw the sixfirhy!
The sixfirhy is severely wounded.
You claw the sixfirhy!
The sixfirhy is almost dead.
The sixfirhy misses you. The sixfirhy closely misses you.
You miss the sixfirhy.
The sixfirhy is almost dead.
The sixfirhy barely misses you. x2; The sixfirhy hits you.
The sixfirhy shocks you!
You miss the sixfirhy.
The sixfirhy is almost dead.
The sixfirhy barely misses you. The sixfirhy completely misses you.
You barely miss the sixfirhy.
The sixfirhy is almost dead.
The sixfirhy hits you. The sixfirhy shocks you!
You completely miss the sixfirhy.
The sixfirhy is almost dead.
You miss the sixfirhy. Your claw misses the sixfirhy.
The sixfirhy is almost dead.
You barely miss the sixfirhy.
The sixfirhy is almost dead.
The sixfirhy hits you! The sixfirhy shocks you!
* * * LOW HITPOINT WARNING * * *
You closely miss the sixfirhy.
The sixfirhy is severely wounded.
The sixfirhy hits you but does no damage.
The sixfirhy hits you!
* * * LOW HITPOINT WARNING * * *
The sixfirhy shocks you!
* * * LOW HITPOINT WARNING * * *
The sixfirhy hits you!
* * * LOW HITPOINT WARNING * * *
The sixfirhy shocks you!
You die...

#++###########
#.............
#.....@3......
#.)###########
#..# #..# ##
#..# .# #..#
.# #..# .#
#..#
.##########).#


You could see a sixfirhy.

Vanquished Creatures
  Gastronok (D)
  Josephine (D)
  A death yak (D)
  A sea snake (D)
  2 phantasmal warriors (D)
  A guardian serpent (D)
  A black mamba (D)
  A cane toad (D)
  An unseen horror (D)
  A kobold demonologist (D)
  An ice devil (D)
  A hellwing (D)
  A glass eye (D)
  Sigmund (D)
  A shadow (D)
  A chaos spawn (D)
  A basilisk (D)
  2 wargs (D)
  A hell hound (D)
  A gnoll sergeant (D)
  A wight (D)
  A jelly (D)
  A hell rat (D)
  A mummy (D)
  3 adders (D)
  4 gnolls (D)
  2 river rats (D)
  An adder zombie (D)
  A bat zombie (D)
  3 goblins (D)
  2 hobgoblins (D)
  3 quokkas (D)
  2 ball pythons (D)
  A frilled lizard (D)
  A kobold (D)
  A quokka zombie (D)
50 creatures vanquished.

Vanquished Creatures (collateral kills)
  An eidolon (D)
  A merfolk javelineer (D)
  Urug (D)
  A flayed ghost (D)
  A lindwurm (D)
  2 black mambas (D)
  Joseph (D)
  Maurice (D)
  A kobold demonologist (D)
  4 merfolk (D)
  A tyrant leech (D)
  A snapping turtle (D)
  A wraith (D)
  A large abomination (D)
  4 vampire mosquitoes (D)
  3 hell hounds (D)
  A sky beast (D)
  3 wights (D)
  A crimson imp (D)
  An orc priest (D)
  An ufetubus (D)
  An adder skeleton (D)
  2 orcs (D)
  4 kobolds (D)
39 creatures vanquished.

Grand Total: 89 creatures vanquished

Notes
Turn   | Place    | Note
-------+----------+-------------------------------------------
     0 | D        | sircluck the Troll Berserker began the quest for the Orb.
     0 | D        | Reached XP level 1. HP: 22/22 MP: 0/0
    16 | D        | Reached XP level 2. HP: 31/31 MP: 1/1
    19 | D        | Found a bloodstained altar of Trog.
    19 | D        | Found a shimmering blue altar of Sif Muna.
    19 | D        | Found a viscous altar of Jiyva.
    19 | D        | Found a hazy altar of Hepliaklqana.
    19 | D        | Found an opulent altar of Gozag.
    20 | D        | Found a glowing golden altar of the Shining One.
    20 | D        | Found a glowing silver altar of Zin.
    20 | D        | Found a basalt altar of Yredelemnul.
    20 | D        | Found a shimmering altar of Xom.
    20 | D        | Found an ornate altar of the Wu Jian Council.
    20 | D        | Found a sacrificial altar of Ru.
    20 | D        | Found a stormy altar of Qazlal.
    20 | D        | Found an iron altar of Okawaru.
    20 | D        | Found a sparkling altar of Nemelex Xobeh.
    20 | D        | Found a burning altar of Makhleb.
    20 | D        | Found a blossoming altar of Fedhas.
    20 | D        | Found a white marble altar of Elyvilon.
    20 | D        | Found a shadowy altar of Dithmenos.
    20 | D        | Found a snail-covered altar of Cheibriados.
    23 | D        | Found a corrupted altar of Lugonu.
    23 | D        | Found a radiant altar of Vehumet.
    24 | D        | Found an ancient bone altar of Kikubaaqudgha.
    24 | D        | Found a hide-covered altar of Uskayaw.
    24 | D        | Found a broken altar of Ashenzari.
    65 | D        | Noticed a glass eye
    70 | D        | Reached ** piety under Trog
    71 | D        | Reached skill level 4 in Unarmed Combat
    78 | D        | Killed a glass eye
    79 | D        | Reached skill level 7 in Unarmed Combat
    79 | D        | Reached XP level 3. HP: 27/44 MP: 2/2
    79 | D        | Reached XP level 4. HP: 32/52 MP: 3/3
    79 | D        | Reached XP level 5. HP: 37/59 MP: 4/4
   103 | D        | Noticed Sigmund
   108 | D        | Reached *** piety under Trog
   113 | D        | Killed Sigmund
   114 | D        | Reached skill level 8 in Unarmed Combat
   114 | D        | Reached XP level 6. HP: 56/71 MP: 5/5
   156 | D        | Reached **** piety under Trog
   219 | D        | Reached ***** piety under Trog
   225 | D        | Reached skill level 9 in Unarmed Combat
   225 | D        | Received a gift from Trog
   323 | D        | Noticed a warg
   325 | D        | Killed a warg
   326 | D        | Reached XP level 7. HP: 70/80 MP: 6/6
   337 | D        | Noticed Josephine
   342 | D        | Killed Josephine
   343 | D        | Reached skill level 11 in Unarmed Combat
   343 | D        | Reached XP level 8. HP: 74/92 MP: 7/7
   365 | D        | Received a gift from Trog
   378 | D        | Noticed a sea snake
   378 | D        | Noticed a tyrant leech
   386 | D        | Killed a tyrant leech
   393 | D        | Killed a sea snake
   394 | D        | Reached skill level 10 in Fighting
   394 | D        | Reached skill level 10 in Dodging
   394 | D        | Reached skill level 12 in Unarmed Combat
   394 | D        | Reached XP level 9. HP: 63/102 MP: 8/8
   566 | D        | Noticed Urug
   566 | D        | Noticed a black mamba
   567 | D        | Noticed Joseph
   567 | D        | Noticed a lindwurm
   571 | D        | Noticed Maurice
   571 | D        | Killed Urug
   572 | D        | Killed a black mamba
   573 | D        | Reached skill level 13 in Unarmed Combat
   576 | D        | Killed a lindwurm
   577 | D        | Killed Maurice
   578 | D        | Reached XP level 10. HP: 115/115 MP: 9/9
   580 | D        | Killed Joseph
   581 | D        | Reached skill level 14 in Unarmed Combat
   598 | D        | Noticed a black mamba
   599 | D        | Noticed a phantasmal warrior
   602 | D        | Killed a black mamba
   609 | D        | Killed a phantasmal warrior
   741 | D        | Noticed a phantasmal warrior
   747 | D        | Noticed a flayed ghost
   749 | D        | Killed a phantasmal warrior
   749 | D        | Reached ****** piety under Trog
   763 | D        | Killed a flayed ghost
   764 | D        | Reached skill level 15 in Unarmed Combat
   803 | D        | Received a gift from Trog
   837 | D        | Noticed a death yak
   844 | D        | Killed a death yak
   924 | D        | Noticed a black mamba
   929 | D        | Killed a black mamba
   930 | D        | Reached XP level 11. HP: 109/127 MP: 10/10
   949 | D        | Noticed an eidolon
   953 | D        | Received a gift from Trog
   963 | D        | Killed an eidolon
   964 | D        | Reached skill level 16 in Unarmed Combat
   967 | D        | Received a gift from Trog
   970 | D        | Noticed Gastronok
   975 | D        | Received a gift from Trog
   984 | D        | Killed Gastronok
  1211 | D        | Reached skill level 17 in Unarmed Combat
  1224 | D        | Noticed a merfolk javelineer
  1239 | D        | Killed a merfolk javelineer
  1241 | D        | Reached skill level 15 in Fighting
  1345 | D        | Received a gift from Trog
  1348 | D        | Noticed a sixfirhy
  1364 | D        | Slain by a sixfirhy

Illustrated notes

Levels and vault maps discovered:
D:        pitsprint [storerooms_1, entrance_room_1, metal_vault_3, armoury_2,
          mini_pit_1, grid_room_1, main_hall_1, silver_pit, the_coven_3,
          the_vestibule_1, steel_vault_2, golden_pit, hallway_of_sentries,
          crystal_vault_1, iron_vault_1, final_vault]

Skill      XL: |  1  2  3  4  5  6  7  8  9 10 11 |
---------------+----------------------------------+-----
Fighting       | 3 6 7 8 9 10 11 13 15 | 15.1
Dodging        | 3 6 7 8 9 10 11 13 14 | 14.9
Unarmed Combat | 7 8 9 11 12 13 15 17 | 17.5

Action                     |  1- 3 |  4- 6 |  7- 9 | 10-12 || total
---------------------------+-------+-------+-------+-------++-------
  Melee: Unarmed           |    16 |    37 |    25 |    84 ||   162
         Punch             |     2 |     1 |       |     6 ||     9
 Invoke: Berserk           |       |     1 |       |       ||     1
         Brothers in Arms  |       |       |     3 |     7 ||    10
    Use: Potion            |       |       |       |     5 ||     5
         Scroll            |       |       |       |     1 ||     1
   Stab: Distracted        |       |       |       |     1 ||     1
 Armour: Animal skin       |     4 |    26 |    12 |    95 ||   137
  Dodge: Dodged            |     4 |     7 |    11 |   110 ||   132

Table legend: (Time is in decaauts)
 A = Elapsed time spent in this place.
 B = Non-inter-level travel time spent in this place.
 C = Inter-level travel time spent in this place.
 D = Time resting spent in this place.
 E = Time spent auto-exploring this place.
 F = Levels seen in this place.
 G = Mean time per level.
                   A        B        C        D        E       F      G
               +--------+--------+--------+--------+--------+-----+--------+
         Total |   1370 |   1370 |      0 |    456 |    354 |   1 | 1370.0 |
       Dungeon |   1370 |   1370 |      0 |    456 |    354 |   1 | 1370.0 |
               +--------+--------+--------+--------+--------+-----+--------+

Top non-repeatable levels by time:
       D: 1370 daAuts
